Map: Celestial Enclave LE

Players

Alexfighter - Winner!

  • Race: Protoss Protoss
  • League: Gold
  • Spawn Location: 1:00

SCIInewby

  • Race: Protoss Protoss
  • League: Master
  • Spawn Location: 7:00

VOD

Have the link to the VOD?

Description

Time

  • Played on: Feb. 10, 2026, 3:48 p.m.
  • Length: 6:59
Show
View Real Time Build Order
Export as new Build Order

Alexfighter Protoss - Winner!

Build Orders:  

Get SALT Encoding   

  12  0:01  Probe  
  13  0:18  Probe  
  14  0:24  Pylon  
  14  0:32  Probe  
  15  0:44  Probe  
  15  0:46  Gateway  
  16  0:56  Probe  
  17  1:09  Probe  
  18  1:12  Forge  
  18  1:21  Probe  
  19  1:32  Assimilator  
  19  1:36  Assimilator  
  19  1:41  Cybernetics Core  
  19  1:44  Probe  
  20  1:47  Pylon  
  20  1:56  Probe  
  21  2:06  Probe  
  21  2:08  Gateway  
  22  2:14  Probe  
  22  2:20  Warp Gate  
  22  2:22  Probe  
  24  2:33  Gateway  
  25  2:42  Gateway  
  24  2:48  Robotics Facility  
  24  2:54  Stalker  
  26  2:59  Stalker  
  28  3:17  Stalker  
  30  3:44  Pylon  
  30  3:48  Pylon  
  30  3:52  Immortal  
  30  3:59  Pylon  
  34  4:17  Stalker  
  34  4:18  Stalker  
  34  4:19  Zealot  
  34  4:21  Immortal  
  44  4:45  Zealot x3  
  50  4:51  Pylon  
  50  4:55  Pylon  
  50  5:07  Immortal  
  52  5:27  Stalker x2  
  54  5:53  Stalker x3  
  60  6:07  Stalker  
  62  6:28  Stalker x3  
  68  6:57  Pylon  
Show
View Real Time Build Order
Export as new Build Order

SCIInewby Protoss 

Build Orders: 1 Gate Expand 

Get SALT Encoding   

  12  0:00  Probe  
  13  0:12  Probe  
  14  0:21  Pylon  
  14  0:28  Probe  
  15  0:40  Gateway  
  15  0:42  Probe  
  16  0:54  Probe  
  17  0:57  Assimilator  
  17  1:06  Probe  
  18  1:18  Probe  
  19  1:28  Nexus  
  18  1:37  Forge  
  18  1:42  Pylon  
  18  1:45  Probe  
  19  1:50  Zealot  
  21  1:57  Probe  
  22  2:09  Cybernetics Core  
  22  2:20  Pylon  
  22  2:21  Probe  
  22  2:22  Pylon  
  23  2:30  Zealot  
  23  2:33  Probe  
  26  2:42  Assimilator, Probe  
  26  2:43  Probe  
  26  2:44  Protoss Ground Weapons Level 1  
  28  2:51  Probe x2  
  28  2:52  Assimilator  
  30  3:01  Probe  
  30  3:02  Pylon  
  30  3:03  Warp Gate  
  30  3:05  Probe  
  32  3:21  Probe  
  32  3:24  Probe  
  34  3:29  Probe  
  34  3:34  Assimilator  
  35  3:36  Probe  
  35  3:38  Probe  
  37  3:43  Gateway  
  37  3:48  Probe  
  37  3:50  Probe  
  37  3:55  Photon Cannon  
  39  4:01  Probe  
  40  4:03  Probe  
  41  4:12  Gateway  
  41  4:14  Gateway  
  41  4:19  Probe  
  41  4:20  Probe  
  41  4:22  Pylon  
  43  4:40  Twilight Council  
  43  4:59  Probe x2  
  45  5:03  Zealot x2  
  49  5:11  Probe x2  
  51  5:17  Gateway  
  51  5:19  Gateway  
  51  5:20  Nexus  
  47  5:22  Zealot  
  47  5:27  Zealot  
  49  5:30  Zealot  
  48  5:39  Zealot  
  40  5:45  Zealot  
  35  5:52  Zealot  
  26  6:03  Zealot  
  28  6:04  Zealot  
  28  6:05  Zealot  
  32  6:13  Zealot  
  34  6:22  Pylon  
  32  6:27  Zealot  
  32  6:28  Zealot x2  
  38  6:39  Zealot  
  38  6:44  Zealot  
Tags
 
Matchup
PvP
Replay Pack
Multiplayer
Spawn Locations
Cross Positions
Add a new tag
Caveats
  • Supply blocks, unpowered buildings, or Contaminate may cause inaccurate times.
  • Supply counts are checked every 10 seconds.